AoeStats
← Worker

Arena

510226543Analyzed
2v2 RM · 2d ago on Sep 30, 2026· 39m 58s· 4 players
Game mode
Random Map
Map size
Medium (4 player)
Population
200
Speed
Normal
Resources
Standard
Victory
Conquest
Starting age
Dark Age
Ending age
Imperial Age
RankedLock teamsTeams togetherTeam positionsShared explorationLock speedFull tech treeHidden civsTurbo modeCheats
Victory
Defeat
🇨🇦 Turks · Canada
1184
+18
🇨🇴 Gurjaras · Colombia
1182
+18
🇺🇸 Saxons · United States
1224
-18
🇺🇸 Bulgarians · United States
1224
-18
Jumilka5029
10:38 Feudal Age
13:00 Wheelbarrow
15:19 Castle Age
13:34 Double-Bit Axe
14:43 Horse Collar
15:36 Gold Mining
19:02 Husbandry
21:30 Bloodlines
22:11 Scale Barding Armor
25:56 Forging
26:04 Loom
26:04 Town Watch
26:34 Hand Cart
32:05 Imperial Age
31:05 Chain Barding Armor
31:33 Iron Casting
32:12 Heavy Camel Rider
33:53 Plate Barding Armor
32:49 Elite Shrivamsha Rider
36:04 Light Cavalry
37:51 Conscription
37:25 Hussar
39:53 Heavy Plow
39:17 Siege Elephant
potato
12:35 Feudal Age
16:24 Castle Age
14:45 Horse Collar
15:20 Double-Bit Axe
15:29 Stone Mining
23:23 Loom
24:15 Wheelbarrow
29:03 Imperial Age
27:38 Bow Saw
27:42 Gold Mining
29:03 Hand Cart
30:36 Conscription
34:39 Padded Archer Armor
36:33 Elite Janissary
38:16 Artillery
40:55 Bombard Tower
40:25 Heated Shot
Carmilla
10:29 Feudal Age
11:37 Double-Bit Axe
12:23 Loom
16:54 Castle Age
17:06 Light Cavalry
19:01 Horse Collar
19:42 Husbandry
22:22 Wheelbarrow
26:07 Fletching
26:10 Gold Mining
27:24 Hand Cart
26:50 Pikeman
27:41 Padded Archer Armor
28:52 Gold Shaft Mining
28:30 Forging
28:23 Squires
32:11 Imperial Age
30:20 Scale Barding Armor
30:34 Bloodlines
30:36 Heavy Plow
31:34 Chain Barding Armor
33:48 Conscription
33:58 Hussar
35:56 Iron Casting
35:17 Loom
35:55 Elite Skirmisher
37:37 Bow Saw
38:32 Bodkin Arrow
39:53 Leather Archer Armor
Worker
10:30 Feudal Age
13:02 Loom
15:17 Castle Age
15:31 Castle Age
14:25 Double-Bit Axe
15:10 Horse Collar
18:01 Pikeman
25:18 Forging
25:09 Scale Mail Armor
32:55 Imperial Age
30:54 Heavy Plow
33:50 Wheelbarrow
33:00 Town Watch
33:54 Iron Casting
33:24 Scale Barding Armor
33:35 Chain Mail Armor
36:23 Chain Barding Armor
37:57 Bow Saw
38:17 Crop Rotation
38:47 Bloodlines
38:37 Husbandry
38:01 Light Cavalry
40:11 Fletching
40:22 Padded Archer Armor
Connection lost

Rejoining the realm…

Still unreachable

The connection could not be restored.

Session expired

The server has moved on; the page needs a fresh start.